 Dungeon Crawl Stone Soup version 0.26.1-2-gb8aa6d0 (webtiles) character file.

Game seed: 928192862018316058

61 Nithhogg the Insei (level 4, -1/29 HPs)
             Began as an Octopode Transmuter on Mar 29, 2021.
             Was an Initiate of Cheibriados.
             Slain by an adder (2 damage)
             ... on level 2 of the Dungeon.
             The game lasted 00:03:22 (2114 turns).

Nithhogg the Insei (Octopode Transmuter)            Turns: 2114, Time: 00:03:22

Health: -1/29      AC:  1    Str:  8 (10) XL:     4   Next: 7%
Magic:  4/7        EV: 13    Int: 16 (17) God:    Cheibriados [......]
Gold:   55         SH:  0    Dex: 11 (13) Spells: 4/7 levels left

rFire    . . .     SeeInvis .     - Unarmed
rCold    + . .     Faith    .   (no shield)
rNeg     . . .     Spirit   .   (helmet restricted)
rPois    .         Reflect  .   (no amulet)
rElec    .         Harm     .   b - ring of protection from cold
rCorr    .         Rampage  .   (no ring)
Will     .....                  (no ring)
Stlth    +++.......             (no ring)
HPRegen  0.09/turn              (no ring)
MPRegen  0.10/turn              (no ring)
                                (no ring)
                                (no ring)

@: mighty, brilliant, lethally poisoned (-1 -> -4), very slow
A: almost no armour, stealthy swim, amphibious, 8 rings, constrict 8, camouflage
1, gelatinous body 1
a: Renounce Religion, Bend Time


You were on level 2 of the Dungeon.
You worshipped Cheibriados.
Cheibriados was noncommittal.
You visited 1 branch of the dungeon, and saw 2 of its levels.

You collected 55 gold pieces.

Inventory:

Jewellery
 b - a ring of protection from cold (left tentacle)
Scrolls
 a - 2 scrolls of amnesia {unknown}
 d - a scroll of magic mapping {unknown}
 e - 2 scrolls of remove curse {unknown}
 g - a scroll of blinking {unknown}
 j - 2 scrolls of noise {unknown}
 k - a scroll of identify {unknown}
Potions
 i - a potion of heal wounds {unknown}


   Skills:
 + Level 1.7 Fighting
 + Level 2.5 Dodging
 + Level 1.2 Stealth
 + Level 3.3 Unarmed Combat
 + Level 2.3 Spellcasting
 + Level 2.5 Transmutations


You had 4 spell levels left.
You knew the following spells:

 Your Spells              Type           Power        Failure   Level
a - Beastly Appendage     Tmut           30%          7%          1
b - Wereblood             Tmut           15%          11%         2

Your spell library contained the following spells:

 Spells                   Type           Power        Failure   Level
 Spider Form              Tmut/Pois      4%           34%         3
 Ice Form                 Ice/Tmut       8%           75%         4
 Blade Hands              Tmut           7%           89%         5


Dungeon Overview and Level Annotations

Branches:
Dungeon (2/15)

Altars:
Cheibriados


Innate Abilities, Weirdness & Mutations

You cannot wear most types of armour.
You are very stealthy in the water. (Stealth+)
You are amphibious.
You can wear up to eight rings at the same time.
You can use your tentacles to constrict eight enemies at once.
Your skin changes colour to match your surroundings (Stealth+).
Your rubbery body absorbs attacks. (AC +1, EV +1)


Message History

The adder seems to slow down.
Cheibriados will no longer slow the effects of poison on you.
Cheibriados lowers the support of your attributes as your movement quickens.
The adder bites you.
* * * LOW HITPOINT WARNING * * *
It was a potion of degeneration.
There was something very wrong with that liquid.
You feel weakened.
You feel dopey.
You feel clumsy. The adder bites you.
* * * LOW HITPOINT WARNING * * *
You are lethally poisoned!
The adder poisons you!
It was a potion of might.
You feel very mighty all of a sudden.
* * * LOW HITPOINT WARNING * * *
You feel sick.
It was a potion of brilliance.
You feel clever all of a sudden. The adder bites you.
You die...

≈≈≈≈≈≈≈
#≈.≈.≈g
≈.≈.≈.. #..g♣
.####. #.≈# .#
##g# ###
#######
####..##.# ..#
#.†...#
#..gg....#
#.####.#.###
#####.########
.......#.####


##Sgggg# #.##......#.## #@###### ..[..#.#.....###.# ######.##.#......#
........##### #####.#### #.# # .#. .. .# # .. .. You could see 3 gnolls, an
adder (slow) and a goblin.

Vanquished Creatures
  An adder (D:2)
  2 oozes
  A worm (D:2)
  A dart slug (D:1)
  2 leopard geckos
  A bat (D:1)
  3 giant cockroaches
  5 goblins
  5 hobgoblins
  4 kobolds
  2 quokkas (D:2)
  A ball python (D:2)
  3 frilled lizards
  6 rats
37 creatures vanquished.

Notes
Turn   | Place    | Note
-------+----------+-------------------------------------------
     0 | D:1      | Nithhogg the Octopode Transmuter began the quest for the
                  | Orb.
     0 | D:1      | Reached XP level 1. HP: 13/13 MP: 3/3
   223 | D:1      | Reached XP level 2. HP: 8/18 MP: 5/5
   405 | D:1      | Learned a level 2 spell: Wereblood
   901 | D:1      | Reached XP level 3. HP: 23/23 MP: 6/6
  1122 | D:2      | Found a snail-covered altar of Cheibriados.
  1143 | D:2      | Became a worshipper of Cheibriados the Contemplative
  1629 | D:2      | Reached skill level 1 in Stealth
  1747 | D:2      | Reached XP level 4. HP: 23/29 MP: 7/7
  2067 | D:2      | Reached * piety under Cheibriados
  2113 | D:2      | HP: 1/29 [poisoned by an adder]
  2114 | D:2      | Slain by an adder

Illustrated notes

Levels and vault maps discovered:
D:1:      nagdon_arrival_double_spiral, layout_loops_cross,
          grunt_decor_one_mirror, minmay_statues_item
D:2:      minmay_chambers_of_ones, layout_loops_cross, lemuel_crystal_altar,
          lemuel_crystal_altar, serial_rivers, chequers_serial_rivers_micro_a,
          chequers_serial_rivers_large_a, chequers_serial_rivers_small_b,
          chequers_serial_rivers_marsh, chequers_serial_rivers_small_3,
          chequers_serial_rivers_small_3

Skill      XL: |  1  2  3 |
---------------+----------+-----
Stealth        | 1 |  1.2
Fighting       | |  1.7
Dodging        | |  2.5
Unarmed Combat | |  3.3
Spellcasting   | |  2.3
Transmutations | |  2.5

Action                   |  1- 3 |  4- 6 || total
-------------------------+-------+-------++-------
Melee: Unarmed           |    83 |     7 ||    90
       Constrict         |    21 |     5 ||    26
       Tentacles         |    10 |     1 ||    11
       Punch             |     2 |     1 ||     3
 Cast: Wereblood         |     1 |       ||     1
Invok: Bend Time         |       |     1 ||     1
  Use: Potion            |       |     3 ||     3
 Stab: Sleeping          |     9 |     1 ||    10
Armor: Skin              |     1 |     1 ||     2
Dodge: Dodged            |    45 |     8 ||    53
